 Dungeon Crawl Stone Soup version 0.18.1-48-g4cf74bf (webtiles) character file.

869 NekoKawashu the Ruffian (level 7, -3/62 HPs)
             Began as a Minotaur Monk on July 14, 2016.
             Slain by a giant frog (5 damage)
             ... on level 6 of the Dungeon.
             The game lasted 00:16:16 (3370 turns).

NekoKawashu the Ruffian (Minotaur Monk)             Turns: 3370, Time: 00:16:16

Health: -3/62      AC: 10    Str: 17    XL:     7   Next: 73%
Magic:  6/6        EV: 14    Int:  9    God:
Gold:   113        SH:  0    Dex: 11    Spells: 0 memorised, 6 levels left

rFire  + + .     SeeInvis +       - Unarmed
rCold  . . .     Gourm    .     C - +2 leather armour {rF+}
rNeg   . . .     Faith    .     (no shield)
rPois  .         Spirit   .     (helmet restricted)
rElec  .         Dismiss  .     t - +2 cloak of the Thief {+Fog Slay-2 SInv Stlth+}
rCorr  .         Reflect  .     (no gloves)
SustAt .         Harm     .     e - +0 pair of boots
MR     .....                    (no amulet)
Stlth  +++.......               o - ring of see invisible (curse)
                                n - ring of protection from fire

@: very slightly contaminated, hasted, very quick, not resistant to hostile
enchantments, fairly stealthy
A: retaliatory headbutt, horns 2, icy blue scales 1, clever 1, clumsy 1
a: Evoke Fog


You were on level 6 of the Dungeon.
You were not hungry.

You visited 1 branch of the dungeon, and saw 6 of its levels.

You collected 218 gold pieces.
You spent 105 gold pieces at shops.

Inventory:

Hand Weapons
 v - a +1 falchion of holy wrath
 y - a +0 mace of protection
 z - the +8 trident "Iwiyng" {pierce, Str+5, unknown}
   (You found it on level 5 of the Dungeon)

   It inflicts extra damage upon your enemies.
   It affects your strength (+5).
Armour
 a - a +0 robe
 e - a +0 pair of boots (worn)
 t - the +2 cloak of the Thief (worn) {+Fog Slay-2 SInv Stlth+}
   (You found it on level 4 of the Dungeon)

   It affects your accuracy and damage with ranged weapons and melee attacks
   (-2).
   It lets you see invisible.
   It can be evoked to emit clouds of fog.
   It makes you more stealthy.
 u - a +0 leather armour
 C - a +2 leather armour of fire resistance (worn)
Magical Staves
 d - an uncursed staff of power
 w - an uncursed staff of poison
Jewellery
 n - a ring of protection from fire (left hand)
 o - a cursed ring of see invisible (right hand)
 q - an uncursed ring of see invisible
Wands
 h - a wand of teleportation (4/9)
 p - a wand of acid (13/15)
 D - a wand of hasting (4/9)
Scrolls
 r - a scroll of magic mapping
 s - a scroll of fear
 x - a scroll of enchant weapon
 E - a scroll of identify
Potions
 c - a potion of brilliance {unknown}
 f - a potion of mutation
 g - a potion of heal wounds {unknown}
 i - 2 potions of haste
 m - a potion of magic {unknown}
Miscellaneous
 B - a plain deck of wonders
Comestibles
 b - 3 bread rations
 j - 4 beef jerkies
 k - 8 fruits
 l - 3 meat rations
 A - a chunk of flesh


   Skills:
 * Level 5.9 Fighting
 * Level 3.6 Armour
 + Level 6.2 Dodging
 * Level 2.6 Stealth
 * Level 6.7 Unarmed Combat


You had 6 spell levels left.
You didn't know any spells.

Dungeon Overview and Level Annotations

Branches:
Dungeon (6/15)
 Temple: D:4-7

Altars:
Gozag
Nemelex Xobeh
Sif Muna
Yredelemnul
Zin

Shops:
D:5 %


Innate Abilities, Weirdness & Mutations

You reflexively headbutt those who attack you in melee.
You have a pair of horns on your head.
You are partially covered in icy blue scales (AC +1).
Your mind is acute. (Int +2)
You are clumsy. (Dex -2)


Message History

You feel clumsy.
The orc warrior hits you but does no damage.
The orc warrior closely misses you.
Drink which item? (? for menu, Esc to quit)
It was a potion of haste.
You feel yourself speed up. The orc warrior barely misses you.
You are very lightly contaminated with residual magic.
The orc warrior hits you from afar with a trident.
* * * LOW HITPOINT WARNING * * *
There is a stone staircase leading down here.
A giant frog comes into view.
The giant frog gives a loud, deep croak!
You hit the giant frog.
The giant frog is lightly wounded.
The giant frog hits you!
* * * LOW HITPOINT WARNING * * *
You closely miss the giant frog. Your headbutt misses the giant frog.
The giant frog is lightly wounded.
The giant frog hits you.
You die...

##. ### #.# ...
#.. ..# #.# #.#
#.# #.# #.# #.#
#F# #.# #@# #<#
#.##.# #.# #.##.#
#.# #.##.#
#.######### #.##.#
#.......... #.##.#
##.####.### #.##.#
#.# #.#
#o##.####(# #.#
#.....o...####.###


You could see an orc warrior and a giant frog.

Vanquished Creatures
  Eustachio (D:5)
  Menkaure (D:4)
  A giant frog (D:4)
  A scorpion (D:6)
  2 orc priests
  A gnoll shaman (D:5)
  A centaur skeleton (D:5)
  Jessica (D:2)
  2 orc wizards
  2 worker ants
  A howler monkey skeleton (D:4)
  2 adders
  10 gnolls
  2 worms (D:2)
  3 dart slugs
  4 giant geckos
  24 orcs
  4 giant cockroaches
  6 goblins
  4 hobgoblins
  6 jackals
  7 kobolds
  2 quokkas
  A ball python (D:5)
  9 bats
  8 giant newts
  A quokka skeleton (D:5)
  5 rats
112 creatures vanquished.

Notes
Turn   | Place    | Note
--------------------------------------------------------------
     0 | D:1      | NekoKawashu the Minotaur Monk began the quest for the Orb.
     0 | D:1      | Reached XP level 1. HP: 19/19 MP: 0/0
    38 | D:1      | Reached XP level 2. HP: 27/27 MP: 1/1
   342 | D:2      | Noticed Jessica
   347 | D:2      | Reached XP level 3. HP: 33/33 MP: 2/2
   358 | D:2      | Killed Jessica
   358 | D:2      | Reached skill level 5 in Unarmed Combat
   372 | D:2      | Reached skill level 1 in Armour
   529 | D:2      | Reached XP level 4. HP: 36/40 MP: 3/3
  1403 | D:3      | Reached XP level 5. HP: 38/47 MP: 4/4
  1484 | D:4      | Found an opulent altar of Gozag.
  1564 | D:4      | Found a basalt altar of Yredelemnul.
  1781 | D:4      | Noticed Menkaure
  1786 | D:4      | Killed Menkaure
  1786 | D:4      | Reached skill level 5 in Dodging
  1786 | D:4      | Reached XP level 6. HP: 39/55 MP: 5/5
  1987 | D:4      | Reached skill level 5 in Fighting
  2398 | D:4      | Found a deep blue altar of Sif Muna.
  2398 | D:4      | Found a glowing silver altar of Zin.
  2438 | D:5      | Entered Level 5 of the Dungeon
  2537 | D:5      | Reached XP level 7. HP: 56/61 MP: 6/6
  2551 | D:5      | Found Seopn's Food Emporium.
  2556 | D:5      | Bought 5 fruits for 105 gold pieces
  2713 | D:5      | Noticed Eustachio
  2758 | D:5      | Killed Eustachio
  2926 | D:5      | Found a sparkling altar of Nemelex Xobeh.
  3064 | D:5      | Got a steaming trident
  3334 | D:6      | Gained mutation: Your mind is acute. (Int +2) [potion of mutation]
  3334 | D:6      | Gained mutation: You are partially covered in icy blue scales (AC +1). [potion of mutation]
  3334 | D:6      | Gained mutation: You are clumsy. (Dex -2) [potion of mutation]
  3369 | D:6      | HP: 2/62 [giant frog (8)]
  3370 | D:6      | Slain by a giant frog

Skill      XL: |  1  2  3  4  5  6  7 |
---------------+----------------------+-----
Fighting       | 4 5 |  5.9
Unarmed Combat | 5 6 |  6.7
Armour         | 1 2 3 |  3.6
Dodging        | 4 5 6 |  6.2
Stealth        | 2 |  2.6

Action                   |  1- 3 |  4- 6 |  7- 9 || total
-------------------------+-------+-------+-------++-------
Melee: Unarmed           |    60 |   164 |   117 ||   341
       Headbutt          |    14 |    29 |    20 ||    63
       Punch             |       |     7 |     2 ||     9
Evoke: Wand              |       |       |     2 ||     2
  Use: Scroll            |     2 |     8 |     2 ||    12
       Potion            |       |       |     3 ||     3
 Stab: Sleeping          |     1 |     4 |       ||     5
       Distracted        |       |       |     1 ||     1
  Eat: Chunk             |       |     5 |     3 ||     8
Armor: Robe              |    12 |    20 |       ||    32
       Leather armour    |       |    25 |    34 ||    59
Dodge: Dodged            |    40 |   143 |    91 ||   274
